 Dungeon Crawl Stone Soup version 0.28-a0-1387-g3a22ab9bdc (webtiles) character file.

Game seed: 5673929266765430606

34 thegreatkingdan the Firebug (level 3, -4/26 HPs)
             Began as a Draconian Fire Elementalist on Jan 3, 2022.
             Killed by divine providence
             ... invoked by an orc priest
              (16 damage)
             ... on level 3 of the Dungeon.
             The game lasted 00:16:40 (1124 turns).

thegreatkingdan the Firebug (DrFE)                  Turns: 1124, Time: 00:16:41

Health: -4/26      AC:  6    Str: 10    XL:     3   Next: 14%
Magic:  0/6        EV: 12    Int: 17    God:
Gold:   54         SH:  0    Dex: 11    Spells: 3/6 levels left

rFire   . . .      SeeInvis .   d - +2 short sword (elec)
rCold   . . .      Faith    .   (no shield)
rNeg    . . .      Spirit   .   (armour unavailable)
rPois   .          Reflect  .   (helmet restricted)
rElec   .          Harm     .   (no cloak)
rCorr   .          Rampage  .   k - +0 pair of gloves
Will    .....                   (no boots)
Stlth   ++........              (no amulet)
HPRegen 0.08/turn               (no ring)
MPRegen 0.10/turn               (no ring)

@: no status effects
A: AC +5, unfitting armour, cold-blooded
a: no special abilities


You were on level 3 of the Dungeon.
You visited 1 branch of the dungeon, and saw 3 of its levels.

You collected 54 gold pieces.

Inventory:

Hand Weapons
 d - a +2 short sword of electrocution (weapon)
 l - a +0 hunting sling
Missiles
 b - 15 arrows
 c - 27 sling bullets
 e - 83 stones (quivered)
Armour
 k - a +0 pair of gloves (worn)
Scrolls
 a - a scroll of identify {unknown}
 f - a scroll of teleportation {unknown}
Potions
 h - a potion of curing
 i - a potion of flight {unknown}


   Skills:
 + Level 0.1 Fighting
 + Level 1.8 Dodging
 + Level 1.8 Stealth
 + Level 2.3 Spellcasting
 + Level 1.0 Conjurations
 + Level 3.9 Fire Magic


You had 3 spell levels left.
You knew the following spells:

 Your Spells              Type           Power      Damage    Failure   Level
a - Foxfire               Conj/Fire      40%        2x1d6     7%          1
b - Scorch                Fire           30%        2d7       5%          2

Your spell library contained the following spells:

 Spells                   Type           Power      Damage    Failure   Level
 Conjure Flame            Conj/Fire      10%        6-21      21%         3
 Inner Flame              Hex/Fire       8%         N/A       26%         3
 Flame Wave               Conj/Fire      10%        2d5       54%         4


Dungeon Overview and Level Annotations

Branches:
Dungeon (3/15)

Altars:


Innate Abilities, Weirdness & Mutations

Your plain brown scales are hard. (AC +5)
You cannot fit into any form of body armour.
You are cold-blooded and may be slowed by cold attacks.


Message History

You climb downwards.
You hear the sound of rushing water.
There is an entrance to a sewer on this level.
Hurry and find it before the portal rusts away!
There is a stone staircase leading up here.
Casting: Scorch (safe; 5% risk of failure)
Confirm with . or Enter, or press ? or * to list all spells.
Flames lash the rat.
You kill the rat!
Found a stone staircase leading up.
Found a stone staircase leading down.
Found an escape hatch in the ceiling.
There is an escape hatch in the ceiling here.
You hear the slow rusting of a distant drain.
An orc comes into view. It is wielding a +0 short sword.
The orc shouts!
You hear a shout!
An orc comes into view. It is wielding a +0 flail.
Casting: Scorch (safe; 5% risk of failure)
Confirm with . or Enter, or press ? or * to list all spells.
Flames lash the orc.
The orc is moderately wounded.
The orc's fire resistance burns away.
Casting: Scorch (safe; 5% risk of failure)
Confirm with . or Enter, or press ? or * to list all spells.
Flames lash the orc.
The orc is burned terribly!
The orc is almost dead.
The orc hits you with a +0 short sword.
An orc priest comes into view. It is wielding a +0 dagger.
Casting: Scorch (safe; 5% risk of failure)
Confirm with . or Enter, or press ? or * to list all spells.
Flames lash the orc priest.
The orc priest is heavily wounded.
The orc priest's fire resistance burns away.
The orc is no longer more vulnerable to fire.
The orc closely misses you.
The orc priest invokes the aid of Beogh against you.
Beogh smites you!
The orc priest invokes the aid of Beogh against you.
Beogh smites you!
Ouch! That really hurt!
You die...

######.#......
#######.#..#.##
#..............
#.###......#.##
#.#.#..# #
#.#.#..#.# .
#.#.#..#.#... #
#..........
###@.#..#..
#o.#.##
..........#
##...#...#.#
##. o......# #
.#...###.#
.....## ## #.
#### #.


You could see an orc priest (combustible) and an orc.

Vanquished Creatures
  2 adders (D:2)
  2 ball pythons
  A bat (D:2)
  2 endoplasms (D:1)
  A giant cockroach (D:2)
  3 quokkas
  2 kobolds (D:2)
  3 rats
16 creatures vanquished.

Vanquished Creatures (others)
  19 foxfires
19 creatures vanquished.

Grand Total: 35 creatures vanquished

Notes
Turn   | Place    | Note
-------+----------+-------------------------------------------
     0 | D:1      | thegreatkingdan the Draconian Fire Elementalist began the
                  | quest for the Orb.
     0 | D:1      | Reached XP level 1. HP: 14/14 MP: 3/3
   362 | D:2      | Reached XP level 2. HP: 16/20 MP: 1/5
   657 | D:2      | Learned a level 2 spell: Scorch
   930 | D:2      | Reached XP level 3. HP: 26/26 MP: 1/6
  1124 | D:3      | Killed from afar by an orc priest

Illustrated notes

Levels and vault maps discovered:
D:1:      heliophobic_arrival_battle_scene, layout_loops_cross
D:2:      wander_river, layout_basic
D:3:      layout_loops_ring, cheibrodos_sewer_entry_drain

Action                   || total
-------------------------++-------
Melee: Unarmed           ||     9
       Short sword       ||     6
       Spear             ||     4
 Cast: Foxfire           ||    12
       Scorch            ||     8
  Use: Potion            ||     1
Armor: Skin              ||     8
Dodge: Dodged            ||    13

Table legend: (Time is in decaauts)
 A = Elapsed time spent in this place.
 B = Non-inter-level travel time spent in this place.
 C = Inter-level travel time spent in this place.
 D = Time resting spent in this place.
 E = Time spent auto-exploring this place.
 F = Levels seen in this place.
 G = Mean time per level.
                   A        B        C        D        E       F      G
               +--------+--------+--------+--------+--------+-----+--------+
         Total |   1123 |   1123 |      0 |    186 |      0 |   3 |  374.3 |
       Dungeon |   1123 |   1123 |      0 |    186 |      0 |   3 |  374.3 |
               +--------+--------+--------+--------+--------+-----+--------+

Top non-repeatable levels by time:
     D:2: 695 daAuts
     D:1: 360 daAuts
     D:3: 67 daAuts
